 Dungeon Crawl Stone Soup version 0.29-a0-757-g358383bc75 (console) character file.

Game seed: 16815799363652528880

6646 jejorda2 the Basher (level 11, -10/89 HPs)
             Began as a Gnoll Berserker on June 30, 2022.
             Was an Elder of Trog.
             Mangled by a death yak (14 damage)
             ... on level 9 of the Dungeon.
             The game lasted 00:22:06 (9831 turns).

jejorda2 the Basher (Gnoll Berserker)               Turns: 9831, Time: 00:22:07

Health: -10/89     AC: 16    Str: 27    XL:     11   Next: 2%
Magic:  6/6        EV: 15    Int:  2    God:    Trog [****..]
Gold:   508        SH:  0    Dex: 12    Spells: 22/22 levels left

rFire   . . .      SeeInvis .   a - +6 quarterstaff {antimagic, rElec rPois rC+++ Int-4}
rCold   + + +      Faith    .   (shield currently unavailable)
rNeg    . . .      Spirit   .   j - +0 chain mail
rPois   +          Reflect  .   n - +2 helmet
rElec   +          Harm     .   B - +1 cloak
rCorr   .          Rampage  .   (no gloves)
Will    .....                   (no boots)
Stlth   ..........              (no amulet)
HPRegen 0.24/turn               f - +6 ring of strength
MPRegen 0.10/turn               w - +4 ring of evasion

@: on berserk cooldown, slowed, very slow
A: fangs 1, strong nose, distributed training
a: Renounce Religion, Berserk, Trog's Hand, Brothers in Arms


You were on level 9 of the Dungeon.
You worshipped Trog.
Trog was greatly pleased with you.
You visited 1 branch of the dungeon, and saw 9 of its levels.
You also visited: Sewer.

You collected 508 gold pieces.

Inventory:

Hand Weapons
 a - the +6 quarterstaff of Conscience (weapon) {antimagic, rElec rPois rC+++ Int-4}
   (You found it on level 9 of the Dungeon)

   It reduces the magical energy of the wielder, and disrupts the spells and
   magical abilities of those it strikes.
   Natural abilities and divine invocations are not affected.
   Int:       It affects your intelligence (-4).
   rC:        It renders you almost immune to cold.
   rElec:     It insulates you from electricity.
   rPois:     It protects you from poison.
 b - a +0 sling
 v - a +0 broad axe
 y - the +6 glaive "Newt's Undoing" {protect, rC+ Dex+3}
   (You found it on level 4 of the Dungeon)

   It grants its wielder temporary protection when it strikes (+7 to AC).
   Dex:       It affects your dexterity (+3).
   rC:        It protects you from cold.
 E - a +3 flail of protection
Missiles
 g - 71 stones (quivered)
 m - a throwing net
 q - 32 poisoned darts
 r - 6 curare-tipped darts
 s - 5 datura-tipped darts
 D - 6 boomerangs
Armour
 j - a +0 chain mail (worn)
 n - a +2 helmet (worn)
 B - a +1 cloak (worn)
Jewellery
 f - a +6 ring of strength (left hand)
 w - a +4 ring of evasion (right hand)
 F - a +4 ring of evasion
Wands
 e - a wand of paralysis (14)
 k - a wand of digging (11)
 t - a wand of acid (19)
Scrolls
 l - 2 scrolls of blinking
 A - a scroll of magic mapping
Potions
 c - a potion of attraction
 d - 4 potions of lignification
 h - 8 potions of curing
 i - 2 potions of might
 o - 2 potions of mutation
 p - 4 potions of flight
 u - 3 potions of invisibility
 x - 2 potions of cancellation
 z - 2 potions of heal wounds
 C - a potion of haste {unknown}


   Skills:
 + Level 9.0 Fighting
 + Level 6.0 Short Blades
 + Level 6.0 Long Blades
 + Level 6.0 Axes
 + Level 9.0 Maces & Flails
 + Level 6.0 Polearms
 + Level 6.0 Staves
 + Level 6.0 Ranged Weapons
 + Level 6.0 Throwing
 + Level 7.7 Armour
 + Level 7.7 Dodging
 + Level 6.0 Stealth
 + Level 6.0 Shields
 + Level 6.0 Unarmed Combat
 + Level 6.0 Spellcasting
 + Level 5.0 Conjurations
 + Level 5.0 Hexes
 + Level 5.0 Summonings
 + Level 5.0 Necromancy
 + Level 5.0 Translocations
 + Level 5.0 Transmutations
 + Level 5.0 Fire Magic
 + Level 5.0 Ice Magic
 + Level 5.0 Air Magic
 + Level 5.0 Earth Magic
 + Level 5.0 Poison Magic
 + Level 6.6 Invocations
 + Level 6.0 Evocations


You had 22 spell levels left.
You didn't know any spells.
Your spell library was empty.

Dungeon Overview and Level Annotations

Branches:
Dungeon (9/15)             Temple (0/1) D:4            Lair (0/6) D:9
  Sewer (visited)
    Orc: D:9-12

Altars:
Dithmenos
Makhleb

Shops:
D:7 :


Innate Abilities, Weirdness & Mutations

You have very sharp teeth.
Your uncanny sense of smell can sniff out nearby items.
Your experience applies equally to all skills.


Message History

Your Stealth skill increases to level 6!
Your Shields skill increases to level 6!
Your Unarmed Combat skill increases to level 6!
Your Spellcasting skill increases to level 6!
Your Evocations skill increases to level 6!
You bludgeon the yak!!
You kill the yak!
Trog accepts your kill.
Your Conjurations skill increases to level 5!
Your Hexes skill increases to level 5!
Your Summonings skill increases to level 5!
Your Necromancy skill increases to level 5!
Your Translocations skill increases to level 5!
Your Transmutations skill increases to level 5!
Your Fire Magic skill increases to level 5!
Your Ice Magic skill increases to level 5!
Your Air Magic skill increases to level 5!
Your Earth Magic skill increases to level 5!
Your Poison Magic skill increases to level 5!
You have reached level 11!
Unknown command.
You bludgeon the yak!!
The yak is heavily wounded.
The yak gores you!
* * * LOW HITPOINT WARNING * * *
You sock the yak!
The yak is severely wounded.
The yak gores you!
* * * LOW HITPOINT WARNING * * *
You bludgeon the yak!!
You kill the yak!
Trog accepts your kill.
A death yak comes into view.
You feel a strong urge to attack something.
You see here a yak corpse.
You are no longer berserk.
You are exhausted.
You feel yourself slow down. The death yak gores you!
You die...

..###...######..# ........##
#..# ......#..#####Y.# ###
.............Y..# ..#
..........#.....##### ####
##.......Y†##.......<. ...#
.........Y#.#..#......
.#.#####........Y.†.#.?.......
.......###....>.@...#.........
###.#...............#.########
..'.....#.....#.....#.. ..
###.................#.....
....##......#.......+.#..#
........#...........#....#
>..................##.....
....#.........#..#......
........##..#.#..#...##


You could see a death yak and 2 yaks.

Vanquished Creatures
  A two-headed ogre (D:9)
  2 death yaks (D:9)
  A manticore (D:9)
  A wyvern (D:7)
  5 yaks (D:9)
  Menkaure (D:5)
  Edmund (D:5)
  4 water moccasins
  A black bear (D:4)
  An orc warrior (D:9)
  A sky beast (D:7)
  2 ice beasts
  2 centaurs
  A phantom (D:7)
  4 kobold brigands
  A necrophage (D:5)
  A bullfrog (D:8)
  5 wights (D:8)
  21 killer bees
  4 howler monkeys
  2 orc priests
  A hound (D:3)
  Ijyb (D:5)
  4 orc wizards
  5 iguanas
  Robin (D:3)
  12 adders
  3 river rats
  2 white imps
  2 worms
  2 dart slugs
  20 orcs
  4 ball pythons
  7 bats
  6 endoplasms
  5 giant cockroaches
  8 hobgoblins
  2 jackals
  17 kobolds
  4 quokkas
  2 frilled lizards (D:2)
  22 goblins
  13 rats
205 creatures vanquished.

Vanquished Creatures (others)
  3 plants (D:4)
3 creatures vanquished.

Grand Total: 208 creatures vanquished

Notes
Turn   | Place    | Note
-------+----------+-------------------------------------------
     0 | D:1      | jejorda2 the Gnoll Berserker began the quest for the Orb.
     0 | D:1      | Reached XP level 1. HP: 23/23 MP: 1/1
   365 | D:1      | Reached XP level 2. HP: 29/29 MP: 2/2
   376 | D:1      | Found a faded altar of an unknown god.
  1184 | D:2      | Reached XP level 3. HP: 35/35 MP: 3/3
  1302 | D:2      | Reached skill level 1 in Invocations
  1304 | D:2      | Reached ** piety under Trog
  1514 | D:2      | Reached skill level 1 in Short Blades
  1514 | D:2      | Reached skill level 1 in Long Blades
  1514 | D:2      | Reached skill level 1 in Axes
  1514 | D:2      | Reached skill level 1 in Polearms
  1514 | D:2      | Reached skill level 1 in Staves
  1514 | D:2      | Reached skill level 1 in Ranged Weapons
  1514 | D:2      | Reached skill level 1 in Throwing
  1514 | D:2      | Reached skill level 1 in Stealth
  1514 | D:2      | Reached skill level 1 in Shields
  1514 | D:2      | Reached skill level 1 in Unarmed Combat
  1514 | D:2      | Reached skill level 1 in Spellcasting
  1514 | D:2      | Reached skill level 1 in Evocations
  2187 | D:3      | Reached XP level 4. HP: 41/41 MP: 5/5
  2279 | D:3      | Reached skill level 1 in Conjurations
  2279 | D:3      | Reached skill level 1 in Hexes
  2279 | D:3      | Reached skill level 1 in Summonings
  2279 | D:3      | Reached skill level 1 in Necromancy
  2279 | D:3      | Reached skill level 1 in Translocations
  2279 | D:3      | Reached skill level 1 in Transmutations
  2279 | D:3      | Reached skill level 1 in Fire Magic
  2279 | D:3      | Reached skill level 1 in Ice Magic
  2279 | D:3      | Reached skill level 1 in Air Magic
  2279 | D:3      | Reached skill level 1 in Earth Magic
  2279 | D:3      | Reached skill level 1 in Poison Magic
  2535 | D:3      | Noticed Robin
  2571 | D:3      | Killed Robin
  2572 | D:3      | Reached XP level 5. HP: 47/47 MP: 5/7
  2849 | D:4      | Found a staircase to the Ecumenical Temple.
  3174 | D:4      | Found a glowing drain.
  3180 | Sewer    | Entered a sewer
  3184 | Sewer    | Reached *** piety under Trog
  3246 | Sewer    | Noticed a kobold brigand
  3248 | Sewer    | Noticed a kobold brigand
  3253 | Sewer    | Killed a kobold brigand
  3254 | Sewer    | Reached skill level 5 in Armour
  3254 | Sewer    | Reached skill level 5 in Dodging
  3254 | Sewer    | Reached XP level 6. HP: 53/53 MP: 7/9
  3508 | Sewer    | Found a white marble altar of Elyvilon.
  3905 | D:4      | Reached XP level 7. HP: 57/60 MP: 10/10
  4105 | D:4      | Identified the +6 glaive "Newt's Undoing" {protect, rC+
                  | Dex+3}
  4402 | D:5      | Entered Level 5 of the Dungeon
  4406 | D:5      | Noticed Ijyb
  4417 | D:5      | Killed Ijyb
  4490 | D:5      | Noticed Edmund
  4504 | D:5      | Killed Edmund
  4635 | D:5      | Reached XP level 8. HP: 51/67 MP: 12/12
  4774 | D:5      | Reached **** piety under Trog
  4997 | D:5      | Noticed Menkaure
  5016 | D:5      | Killed Menkaure
  5621 | D:6      | Found a burning altar of Makhleb.
  5760 | D:6      | Found a shadowy altar of Dithmenos.
  6789 | D:7      | Noticed a wyvern
  6795 | D:7      | Killed a wyvern
  6883 | D:7      | Found Zeaff's Vocational Training.
  6948 | D:7      | Reached XP level 9. HP: 39/73 MP: 13/15
  7915 | D:8      | Reached skill level 5 in Invocations
  8709 | D:9      | Noticed a death yak
  8720 | D:9      | Killed a death yak
  8721 | D:9      | Reached skill level 5 in Short Blades
  8721 | D:9      | Reached skill level 5 in Long Blades
  8721 | D:9      | Reached skill level 5 in Axes
  8721 | D:9      | Reached skill level 5 in Polearms
  8721 | D:9      | Reached skill level 5 in Staves
  8721 | D:9      | Reached skill level 5 in Ranged Weapons
  8721 | D:9      | Reached skill level 5 in Throwing
  8721 | D:9      | Reached skill level 5 in Stealth
  8721 | D:9      | Reached skill level 5 in Shields
  8721 | D:9      | Reached skill level 5 in Unarmed Combat
  8721 | D:9      | Reached skill level 5 in Spellcasting
  8721 | D:9      | Reached skill level 5 in Evocations
  8721 | D:9      | Reached XP level 10. HP: 82/82 MP: 17/17
  8801 | D:9      | Noticed a two-headed ogre
  8809 | D:9      | Killed a two-headed ogre
  8887 | D:9      | Identified the +6 quarterstaff of Conscience {antimagic,
                  | rElec rPois rC+++ Int-4}
  8996 | D:9      | Noticed a death yak
  9303 | D:9      | Noticed a manticore
  9317 | D:9      | Killed a manticore
  9784 | D:9      | Found a staircase to the Lair.
  9823 | D:9      | Killed a death yak
  9825 | D:9      | Reached skill level 5 in Conjurations
  9825 | D:9      | Reached skill level 5 in Hexes
  9825 | D:9      | Reached skill level 5 in Summonings
  9825 | D:9      | Reached skill level 5 in Necromancy
  9825 | D:9      | Reached skill level 5 in Translocations
  9825 | D:9      | Reached skill level 5 in Transmutations
  9825 | D:9      | Reached skill level 5 in Fire Magic
  9825 | D:9      | Reached skill level 5 in Ice Magic
  9825 | D:9      | Reached skill level 5 in Air Magic
  9825 | D:9      | Reached skill level 5 in Earth Magic
  9825 | D:9      | Reached skill level 5 in Poison Magic
  9825 | D:9      | Reached XP level 11. HP: 22/89 MP: 6/20
  9826 | D:9      | HP: 4/133 [yak (7)]
  9828 | D:9      | Noticed a death yak
  9831 | D:9      | Mangled by a death yak

Illustrated notes

Levels and vault maps discovered:
D:1:      minmay_arrival_widening_spiral_narrow, layout_basic,
          chequers_ecumenical_altar_lobes, solitary_fountain
D:2:      layout_loops_corners
D:3:      layout_rooms, uniq_robin
D:4:      corexii_shack_village, layout_loops_ring, minmay_temple_entry_mist,
          lightli_sewer_entry_pipes, st_stairs_8
D:5:      layout_loops_corners, uniq_edmund, uniq_ijyb, uniq_menkaure
D:6:      layout_basic, nicolae_dithmenos_shadow_blocks,
          mainiacjoe_overflow_boulevard
D:7:      layout_rooms, nicolae_shop_vocational
D:8:      layout_loops_ring
D:9:      layout_stronghold, dpeg_lair_monsters, chequers_serial_rivers_large_b,
          minivault_25, minmay_misc_feat_rows, uniq_joseph

Skill      XL: |  1  2  3  4  5  6  7  8  9 10 |
---------------+-------------------------------+-----
Invocations    | 1 2 3 4 5 6 |  6.6
Short Blades   | 1 2 3 4 5 6 |  6.0
Long Blades    | 1 2 3 4 5 6 |  6.0
Axes           | 1 2 3 4 5 6 |  6.0
Polearms       | 1 2 3 4 5 6 |  6.0
Staves         | 1 2 3 4 5 6 |  6.0
Ranged Weapons | 1 2 3 4 5 6 |  6.0
Throwing       | 1 2 3 4 5 6 |  6.0
Stealth        | 1 2 3 4 5 6 |  6.0
Shields        | 1 2 3 4 5 6 |  6.0
Unarmed Combat | 1 2 3 4 5 6 |  6.0
Spellcasting   | 1 2 3 4 5 6 |  6.0
Evocations     | 1 2 3 4 5 6 |  6.0
Conjurations   | 1 2 3 4 5 |  5.0
Hexes          | 1 2 3 4 5 |  5.0
Summonings     | 1 2 3 4 5 |  5.0
Necromancy     | 1 2 3 4 5 |  5.0
Translocations | 1 2 3 4 5 |  5.0
Transmutations | 1 2 3 4 5 |  5.0
Fire Magic     | 1 2 3 4 5 |  5.0
Ice Magic      | 1 2 3 4 5 |  5.0
Air Magic      | 1 2 3 4 5 |  5.0
Earth Magic    | 1 2 3 4 5 |  5.0
Poison Magic   | 1 2 3 4 5 |  5.0
Armour         | 5 6 7 |  7.7
Dodging        | 5 6 7 |  7.7
Fighting       | 7 8 9 |  9.0
Maces & Flails | 7 8 9 |  9.0

Action                   |  1- 3 |  4- 6 |  7- 9 | 10-12 || total
-------------------------+-------+-------+-------+-------++-------
Melee: Mace              |    87 |    29 |       |       ||   116
       Bite              |     8 |    13 |    31 |    16 ||    68
       Punch             |     1 |     3 |     4 |     2 ||    10
       Broad axe         |       |    38 |       |       ||    38
       Battleaxe         |       |    51 |    13 |       ||    64
       Short sword       |       |    94 |    53 |       ||   147
       Flail             |       |       |   214 |    61 ||   275
       Quarterstaff      |       |       |       |    61 ||    61
 Fire: Sling             |       |    10 |     2 |       ||    12
Throw: Stone             |       |     1 |       |     2 ||     3
Invok: Berserk           |       |     2 |     7 |     5 ||    14
       Trog's Hand       |       |     1 |       |       ||     1
  Use: Scroll            |       |     6 |    13 |     1 ||    20
 Stab: Sleeping          |     4 |       |       |       ||     4
Armor: Animal skin       |     5 |       |       |       ||     5
       Ring mail         |    18 |   100 |    22 |       ||   140
       Chain mail        |       |       |   101 |    62 ||   163
Dodge: Dodged            |    71 |   147 |   189 |    86 ||   493

Table legend: (Time is in decaauts)
 A = Elapsed time spent in this place.
 B = Non-inter-level travel time spent in this place.
 C = Inter-level travel time spent in this place.
 D = Time resting spent in this place.
 E = Time spent auto-exploring this place.
 F = Levels seen in this place.
 G = Mean time per level.
                   A        B        C        D        E       F      G
               +--------+--------+--------+--------+--------+-----+--------+
         Total |  10046 |   9449 |    597 |    530 |   7337 |  10 | 1004.6 |
       Dungeon |   9632 |   9035 |    597 |    346 |   7207 |   9 | 1070.2 |
         Sewer |    414 |    414 |      0 |    184 |    130 |   1 |  414.0 |
               +--------+--------+--------+--------+--------+-----+--------+

Top non-repeatable levels by time:
     D:4: 1289 daAuts
     D:5: 1256 daAuts
     D:6: 1191 daAuts
     D:8: 1166 daAuts
     D:1: 1140 daAuts
     D:9: 1111 daAuts
     D:2: 1031 daAuts
     D:7: 737 daAuts
     D:3: 707 daAuts
   Sewer: 414 daAuts
